Map: Eternal Empire LE

Players

SKillous

  • Race: Protoss Protoss
  • Spawn Location: 7:00

Probe - Winner!

  • Race: Protoss Protoss
  • Spawn Location: 1:00

Event: IEM Katowice 2020

VOD

Have the link to the VOD?

Description

Time

  • Played on: Feb. 24, 2020, 9:08 a.m.
  • Length: 14:57

All games in this series

Show
View Real Time Build Order
Export as new Build Order

SKillous Protoss 

Build Orders: Zealot Archon 

Get SALT Encoding   

  12  0:00  Probe  
  13  0:12  Probe  
  14  0:17  Pylon  
  14  0:25  Probe (Chrono Boost)  
  15  0:37  Probe (Chrono Boost)  
  15  0:39  Gateway  
  16  0:43  Probe (Chrono Boost)  
  16  0:46  Assimilator  
  17  0:51  Probe  
  17  0:54  Assimilator  
  18  1:03  Probe (Chrono Boost)  
  19  1:10  Gateway  
  19  1:13  Probe (Chrono Boost)  
  19  1:18  Probe (Chrono Boost)  
  21  1:26  Cybernetics Core  
  21  1:29  Probe  
  22  1:38  Pylon  
  22  1:41  Probe  
  23  1:56  Probe  
  23  2:00  Warp Gate (Chrono Boost)  
  24  2:02  Stalker x2  
  28  2:10  Pylon  
  28  2:32  Stalker  
  28  2:33  Sentry  
  32  2:39  Probe  
  32  2:49  Nexus  
  32  2:51  Probe  
  33  3:03  Sentry x2  
  37  3:09  Pylon  
  37  3:12  Shield Battery  
  37  3:17  Probe  
  38  3:27  Robotics Facility  
  38  3:32  Probe (Chrono Boost)  
  38  3:44  Probe (Chrono Boost)  
  38  3:45  Adept x2  
  43  3:51  Probe (Chrono Boost)  
  44  3:59  Probe (Chrono Boost)  
  47  4:10  Probe x2 (Chrono Boost)  
  47  4:14  Warp Prism  
  51  4:17  Probe x2 (Chrono Boost)  
  51  4:27  Probe (Chrono Boost)  
  51  4:29  Probe (Chrono Boost)  
  53  4:32  Probe (Chrono Boost)  
  53  4:33  Forge  
  53  4:37  Probe  
  53  4:41  Adept  
  53  4:42  Probe, Adept  
  56  4:49  Probe  
  57  4:53  Observer, Shield Battery  
  57  4:54  Probe  
  57  4:56  Assimilator  
  57  4:59  Assimilator  
  59  5:03  Probe (Chrono Boost)  
  59  5:05  Protoss Ground Weapons Level 1 (Chrono Boost)  
  59  5:06  Twilight Council  
  59  5:07  Probe (Chrono Boost)  
  62  5:19  Probe (Chrono Boost)  
  62  5:24  Pylon  
  62  5:33  Pylon  
  62  5:36  Shield Battery  
  62  5:40  Immortal (Chrono Boost)  
  62  5:42  Probe x2  
  64  5:43  Pylon  
  64  5:46  Adept  
  64  5:49  Pylon  
  70  5:54  Probe  
  72  5:59  Charge, Gateway  
  72  6:00  Gateway  
  71  6:05  Gateway  
  71  6:11  Immortal (Chrono Boost)  
  75  6:19  Gateway  
  75  6:27  Gateway  
  75  6:29  Gateway  
  75  6:33  Probe  
  76  6:47  Nexus  
  76  6:48  Pylon  
  76  6:55  Protoss Ground Weapons Level 2 (Chrono Boost)  
  76  6:56  Warp Prism  
  76  6:59  Probe  
  79  7:02  Observer  
  79  7:04  Templar Archives  
  77  7:08  Probe  
  77  7:11  Probe  
  79  7:21  Probe  
  80  7:26  Probe  
  81  7:33  Probe  
  82  7:42  High Templar x4  
  82  7:43  High Templar x2, Zealot x2  
  96  7:46  Archon x2  
  96  7:48  Archon  
  94  8:09  High Templar x2  
  94  8:11  Pylon  
  94  8:13  Archon  
  94  8:16  Zealot x6  
  94  8:19  Pylon  
  106  8:33  High Templar  
  108  8:36  High Templar  
  108  8:37  Zealot x4  
  108  8:40  Archon  
  118  8:42  Zealot  
  118  8:45  Pylon  
  118  8:47  Zealot  
  122  8:58  Zealot x4  
  104  9:02  Zealot x2  
  104  9:08  Probe, Protoss Ground Weapons Level 3 (Chrono Boost)  
  104  9:09  Probe  
  103  9:10  Probe  
  103  9:11  Assimilator  
  103  9:12  Assimilator  
  103  9:15  Immortal (Chrono Boost)  
  107  9:21  Probe x2  
  107  9:23  Probe  
  110  9:24  Shield Battery  
  110  9:25  Shield Battery  
  110  9:26  Pylon  
  110  9:28  Robotics Bay  
  110  9:29  Shield Battery  
  110  9:34  Photon Cannon  
  110  9:35  Pylon  
  110  9:42  Shield Battery  
  110  9:43  Stalker x2  
  114  9:46  High Templar x2  
  114  9:51  Archon  
  118  9:52  High Templar  
  118  9:53  High Templar  
  118  9:54  Zealot x2  
  118  9:59  Shield Battery  
  126  10:00  Shield Battery  
  126  10:01  Archon  
  126  10:13  Colossus (Chrono Boost)  
  127  10:14  Probe x2  
  127  10:19  Robotics Facility  
  134  10:29  Nexus  
  134  10:33  Probe, Pylon  
  135  10:40  Probe x2  
  137  10:45  Probe  
  138  10:52  Zealot x3  
  138  10:55  Probe  
  138  10:56  Extended Thermal Lance (Chrono Boost)  
  145  10:59  Dark Shrine  
  145  11:00  Photon Cannon  
  145  11:03  Photon Cannon  
  152  11:04  Probe  
  152  11:09  Colossus (Chrono Boost)  
  150  11:14  Colossus (Chrono Boost)  
  150  11:17  Stargate  
  156  11:19  Stargate  
  156  11:25  Probe x2  
  158  11:26  Assimilator  
  158  11:30  Assimilator  
  158  11:33  Photon Cannon  
  158  11:35  Shield Battery  
  156  11:42  Protoss Shields Level 1 (Chrono Boost)  
  156  11:50  High Templar x2  
  156  11:51  Zealot x4  
  167  11:55  Archon  
  167  11:56  Zealot x2  
  149  12:03  Phoenix (Chrono Boost)  
  149  12:06  Probe  
  149  12:07  Probe x2  
  152  12:11  Phoenix (Chrono Boost)  
  152  12:14  Dark Templar x2  
  152  12:15  Zealot x2  
  160  12:20  Zealot x2  
  158  12:24  Phoenix (Chrono Boost)  
  154  12:31  Phoenix (Chrono Boost)  
  154  12:34  Probe  
  154  12:35  Probe  
  156  12:47  Phoenix (Chrono Boost)  
  156  12:53  Phoenix (Chrono Boost), High Templar x2  
  156  12:54  Zealot x3  
  156  12:57  Nexus  
  156  12:58  Protoss Air Weapons Level 1 (Chrono Boost)  
  168  12:59  Pylon  
  168  13:04  Phoenix  
  170  13:09  Archon  
  170  13:12  Warp Prism  
  170  13:17  High Templar x2  
  170  13:18  Zealot x4  
  182  13:21  Archon  
  182  13:25  Zealot x2  
  163  13:44  Zealot x4  
  146  13:58  High Templar x2  
  146  13:59  High Templar x2  
  146  14:01  Colossus x2 (Chrono Boost)  
  146  14:06  Archon  
  146  14:07  Archon  
  146  14:09  Dark Templar  
  154  14:10  Dark Templar, Zealot x2  
  154  14:14  Gateway  
  154  14:15  Gateway  
  154  14:16  Archon  
  160  14:19  Gateway  
  160  14:21  Gateway  
  115  14:33  Zealot x6  
  132  14:48  Zealot x2  
  131  14:54  Zealot x6  
Show
View Real Time Build Order
Export as new Build Order

Probe Protoss - Winner!

Build Orders: Phoenix Opening, Zealot Archon 

Get SALT Encoding   

  12  0:00  Probe  
  13  0:13  Probe  
  14  0:17  Pylon  
  14  0:25  Probe (Chrono Boost)  
  15  0:37  Probe (Chrono Boost)  
  15  0:39  Gateway  
  16  0:44  Probe (Chrono Boost)  
  16  0:46  Assimilator  
  17  0:51  Probe  
  17  0:55  Assimilator  
  18  1:03  Probe (Chrono Boost)  
  19  1:12  Gateway  
  19  1:13  Probe (Chrono Boost)  
  19  1:18  Probe (Chrono Boost)  
  21  1:26  Cybernetics Core  
  21  1:29  Probe  
  22  1:34  Pylon  
  22  1:41  Probe  
  23  1:54  Probe  
  24  1:59  Warp Gate (Chrono Boost)  
  24  2:02  Adept x2  
  24  2:06  Probe  
  29  2:08  Pylon  
  29  2:18  Probe  
  30  2:24  Pylon  
  30  2:30  Probe  
  30  2:32  Stalker  
  33  2:54  Stalker  
  33  2:58  Nexus  
  35  3:02  Pylon  
  35  3:12  Sentry  
  37  3:14  Probe  
  37  3:26  Probe  
  40  3:27  Shield Battery  
  40  3:38  Probe  
  39  3:42  Twilight Council  
  39  3:45  Forge  
  39  3:46  Sentry  
  41  3:49  Phoenix  
  41  3:50  Probe (Chrono Boost)  
  43  4:02  Probe (Chrono Boost)  
  43  4:04  Stalker  
  46  4:11  Probe (Chrono Boost), Stalker  
  46  4:15  Probe (Chrono Boost), Protoss Ground Weapons Level 1 (Chrono Boost)  
  49  4:21  Probe (Chrono Boost)  
  51  4:25  Blink  
  51  4:30  Adept  
  52  4:34  Probe (Chrono Boost)  
  52  4:37  Probe (Chrono Boost)  
  52  4:39  Probe (Chrono Boost)  
  52  4:47  Probe  
  52  4:51  Probe  
  54  4:57  Robotics Facility  
  54  4:59  Probe  
  55  5:00  Pylon  
  55  5:04  Probe  
  56  5:11  Probe  
  57  5:16  Probe  
  58  5:21  Assimilator  
  58  5:22  Assimilator  
  58  5:24  Probe  
  58  5:28  Probe  
  60  5:34  Gateway  
  60  5:36  Probe, Gateway  
  60  5:40  Probe  
  62  5:48  Probe  
  63  5:51  Observer  
  63  5:52  Probe  
  63  5:56  Gateway  
  65  5:58  Gateway  
  65  6:00  Probe, Pylon  
  65  6:02  Gateway  
  65  6:03  Gateway  
  66  6:04  Probe  
  66  6:05  Templar Archives  
  67  6:13  Protoss Ground Weapons Level 2 (Chrono Boost)  
  67  6:19  Zealot x2  
  67  6:23  Warp Prism  
  73  6:33  Pylon  
  73  6:40  Pylon  
  73  6:41  High Templar x2  
  77  6:54  Nexus  
  77  6:56  High Templar x2  
  77  6:57  Archon  
  79  7:01  Archon  
  79  7:03  Charge (Chrono Boost)  
  79  7:09  Zealot x3  
  85  7:17  Pylon  
  85  7:19  Shield Battery  
  85  7:23  Pylon x2, Zealot x2  
  85  7:24  Zealot  
  85  7:29  High Templar  
  93  7:32  Pylon  
  93  7:34  Photon Cannon  
  93  7:35  High Templar  
  95  7:46  Archon  
  93  7:51  Zealot  
  93  7:52  Zealot x3  
  100  8:00  Probe x2  
  98  8:06  Probe  
  98  8:12  Probe  
  98  8:17  High Templar x2  
  98  8:18  Zealot x3  
  106  8:23  Archon  
  106  8:27  Zealot x2  
  106  8:33  High Templar  
  112  8:41  High Templar  
  112  8:42  Zealot x2  
  112  8:44  Probe x3  
  112  8:46  Archon  
  121  8:49  Zealot x2  
  125  8:56  Zealot x2  
  125  9:02  High Templar x2  
  122  9:06  Archon  
  122  9:08  Zealot  
  112  9:13  High Templar  
  112  9:15  Zealot x2  
  118  9:22  Probe x3 (Chrono Boost)  
  121  9:27  High Templar  
  121  9:30  Assimilator x2  
  125  9:31  Probe x2 (Chrono Boost)  
  125  9:33  Probe (Chrono Boost), Archon  
  126  9:43  Probe (Chrono Boost)  
  127  9:49  Probe (Chrono Boost)  
  127  9:50  Probe (Chrono Boost)  
  127  9:51  Robotics Bay  
  129  9:54  Robotics Facility  
  129  9:55  Probe (Chrono Boost)  
  129  9:57  Zealot x2  
  129  9:59  Pylon  
  134  10:01  Pylon  
  134  10:02  Observer  
  134  10:03  Probe (Chrono Boost)  
  134  10:04  Probe (Chrono Boost)  
  134  10:05  Probe (Chrono Boost)  
  138  10:13  Probe  
  137  10:20  Probe x2  
  139  10:25  Pylon  
  139  10:26  Zealot x6  
  139  10:27  Protoss Ground Weapons Level 3 (Chrono Boost)  
  151  10:40  Disruptor x2 (Chrono Boost)  
  151  10:42  Pylon x2  
  157  10:58  High Templar x2  
  157  10:59  Zealot x2  
  157  11:02  Pylon x2  
  165  11:04  Archon  
  165  11:09  Disruptor  
  164  11:11  Shield Battery  
  164  11:12  Photon Cannon  
  164  11:18  Nexus  
  164  11:26  Photon Cannon  
  164  11:35  High Templar x2  
  164  11:36  High Templar x2  
  164  11:37  Zealot x3  
  178  11:40  Archon x2  
  176  11:47  Disruptor (Chrono Boost)  
  177  11:58  Disruptor (Chrono Boost)  
  171  12:03  Zealot x4  
  172  12:11  Robotics Facility  
  172  12:13  Pylon, Zealot x4  
  180  12:19  Observer (Chrono Boost)  
  172  12:40  Probe x2  
  172  12:42  Robotics Facility  
  173  12:44  Disruptor  
  174  12:51  High Templar x2  
  174  12:52  Zealot x6  
  190  13:00  Photon Cannon  
  190  13:03  Photon Cannon, Shield Battery  
  190  13:07  Unknown  
  190  13:09  Disruptor (Chrono Boost)  
  193  13:18  Disruptor (Chrono Boost)  
  193  13:25  Gravitic Boosters  
  196  13:28  Archon  
  196  13:29  Zealot x2  
  200  13:36  Observer (Chrono Boost)  
  169  13:51  Zealot x6  
  169  13:52  Zealot x2  
  169  13:55  Disruptor  
  165  13:58  Disruptor x2  
  174  14:13  Zealot x7  
  174  14:14  Zealot  
  164  14:34  Zealot x7  
  178  14:57  Zealot x2  

Tags
 
Add a new tag
Caveats
  • Supply blocks, unpowered buildings, or Contaminate may cause inaccurate times.
  • Supply counts are checked every 10 seconds.